 Dungeon Sprint DCSS version 0.17-a0-1674-g2b13139 (webtiles) character file.

73465 Kidiri the Imperceptible (level 14, -1/59 HPs)
             Began as a Spriggan Enchanter on Aug 18, 2015.
             Was the Champion of Dithmenos.
             Slain by a guardian mummy (5 damage)
             ... in the Dungeon (Sprint III: "The Ten Rune Challenge").
             The game lasted 00:25:54 (5034 turns).

Kidiri the Imperceptible (Spriggan Enchanter)       Turns: 5034, Time: 00:25:56

Health: -1/59      AC:  5    Str:  6      XL:     14   Next: 57%
Magic:  0/12       EV: 39    Int: 26      God:    Dithmenos [******]
Gold:   3798       SH:  0    Dex: 21 (25) Spells: 15 memorised, 2 levels left

rFire  + . .     SeeInvis +     A - +8 short sword "Worm's Wrath" {antimagic, Dex+6}
rCold  . . .     Clarity  .     d - +1 robe of Rublityrch {Int+7 Stlth+} (curse)
rNeg   . . .     SustAt   .     (shield restricted)
rPois  +         Gourm    .     w - +0 hat
rElec  .         Spirit   .     n - +1 cloak {rPois}
rCorr  .         Warding  .     (gloves unavailable)
rMut   .         NoTele   +     (boots unavailable)
MR     ++...                    (no amulet)
Stlth  ++++++++++               (no ring)
                                (no ring)

@: slowed, wreathed by umbra, quick, very resistant to hostile enchantments,
uncannily stealthy
A: unfitting armour, see invisible, fire resistance 1, herbivore 3, speed 3,
slow metabolism 2, strong 1, evolution 1, subdued magic 1
a: Shadow Step, Shadow Form, Renounce Religion
}: 1/10 runes: serpentine


You were in the Dungeon.
You worshipped Dithmenos.
Dithmenos was exalted by your worship.
You were not hungry.

You visited 1 branch You collected 4350 gold pieces.
You spent 552 gold pieces at shops.

Inventory:

Hand weapons
 a - a +1 dagger
 z - a +2 rapier of venom
 A - the +8 short sword "Worm's Wrath" (weapon) {antimagic, Dex+6}
   (You found it in the Dungeon)

   It disrupts the flow of magical energy around spellcasters and certain
   magical creatures (including the wielder).
   It affects your dexterity (+6).
Armour
 b - a +1 robe
 d - the cursed +1 robe of Rublityrch (worn) {Int+7 Stlth+}
   (You bought it in a shop in the Dungeon)

   It affects your intelligence (+7).
   It makes you more stealthy.
   It has a curse placed upon it.
 n - a +1 cloak of poison resistance (worn)
 w - a +0 hat (worn)
Magical devices
 k - a wand of enslavement (13)
 l - a wand of frost (27)
 m - a wand of frost (29)
 t - a wand of teleportation (4)
 y - a wand of teleportation (4)
Scrolls
 f - a scroll of identify
 j - a scroll of blinking
 r - a scroll of remove curse
Potions
 c - 2 potions of might
 e - 4 potions of curing
 g - a potion of haste
 h - a potion of magic
 i - a potion of berserk rage
 p - a potion of cancellation
 u - 4 potions of flight
 v - a potion of lignification {unknown}
 x - a potion of agility
Books
 o - a book of Summonings

   Spells                             Type                      Level
   a - Recall                         Summoning/Translocation      3
   b - Aura of Abjuration             Summoning                    5
   c - Shadow Creatures               Summoning                    5
   d - Summon Demon                   Summoning                    5
   e - Summon Forest                  Summoning/Translocation      5
   f - Summon Mana Viper              Hexes/Summoning              5
Comestibles
 q - 7 fruits
 s - 30 royal jellies
 B - a bread ration


   Skills:
 + Level 12.8 Short Blades
 * Level 21.7 Dodging
 * Level 23.6 Stealth
 * Level 18.6 Spellcasting
 + Level 9.2 Conjurations
 + Level 14.4 Hexes
 + Level 15.0 Charms
 + Level 8.6 Summonings
 + Level 13.3 Translocations
 + Level 10.1 Ice Magic
 + Level 10.3 Air Magic
 - Level 2.6 Invocations


You had 2 spell levels left.
You knew the following spells:

 Your Spells              Type           Power        Failure   Level  Hunger
a - Corona                Hex            ######.      0%          1    None
b - Ensorcelled Hibernat  Hex/Ice        ######       0%          2    None
c - Confuse               Hex            ######..     0%          3    None
d - Tukima's Dance        Hex            ######..     0%          3    None
e - Dazzling Spray        Conj/Hex       ######..     0%          3    None
f - Shock                 Conj/Air       ####         0%          1    None
g - Repel Missiles        Chrm/Air       ######       0%          2    None
h - Swiftness             Chrm/Air       ######..     0%          2    None
i - Static Discharge      Conj/Air       ######..     0%          3    None
j - Lightning Bolt        Conj/Air       ######....   1%          5    None
k - Recall                Summ/Tloc      N/A          0%          3    None
l - Summon Mana Viper     Hex/Summ       ######..     1%          5    None
m - Summon Forest         Summ/Tloc      ######....   1%          5    None
n - Aura of Abjuration    Summ           #####.....   1%          5    None
o - Shadow Creatures      Summ           N/A          1%          5    None


Dungeon Overview and Level Annotations

Branches:
Dungeon (1/1)

Altars:
Cheibriados
Dithmenos
Elyvilon
Fedhas
Gozag
Kikubaaqudgha
Makhleb
Nemelex Xobeh
Okawaru
Qazlal
Ru
Sif Muna
Trog
Vehumet
Xom
Yredelemnul
Zin
The Shining One
Jiyva
Lugonu

Shops:
D [!}*(=%

Annotations:
D Chuck


Innate Abilities, Weirdness & Mutations

You are tiny and cannot use many weapons and most armour.
You have supernaturally acute eyesight.
You are a herbivore.
You cover ground extremely quickly.
You need consume almost no food.
Your flesh is heat resistant.
Your muscles are strong. (Str +2)
You evolve.
Your spells are a little easier to cast, but a little less powerful.


Message History

The guardian mummy hits you!!
You emit a cloud of dark smoke.
Unknown command.
You barely miss the sphinx.
The sphinx is heavily wounded.
Your shadow hits the sphinx but does no damage.
The sphinx hits you!!
* * * LOW HITPOINT WARNING * * *
The sphinx completely misses you. x3
The sphinx hits you.
* * * LOW HITPOINT WARNING * * *
The sphinx misses you.
The guardian mummy completely misses you.
Drink which item? (? for menu, Esc to quit)
You feel better.
The sphinx is no longer blind.
The sphinx hits you.
* * * LOW HITPOINT WARNING * * *
The sphinx completely misses you. The sphinx hits you.
* * * LOW HITPOINT WARNING * * *
The sphinx completely misses you. x6
The guardian mummy hits you.
You die...

,,,**,*≈≈≈≈≈≈**#'#+#+#+#+#+#+#+#+
,,,,**+*,≈≈,≈*,#)#.#.#)#)#.#.#.#)
,,,,,***,,,,≈*,▓'▓▓▓▓▓▓▓▓▓▓▓▓▓▓▓▓
,,,,,+,,,,,,,,,▓.^#,,,,,,,,,,,,,,
,,,,,*****,,≈*,▓..#,,,,,,,,,,,,,,
,,,,**,,,**,≈*,▓^.#,,**********,,
,,,***,*,,**+**▓§§#,,*,,,,,,,,*,,
*+****,**,**,,,▓§§#,,*,,,,,,,,*,,
,≈≈≈+*,**,****,▓@M#,,*,,,,,,,,*,,
,≈≈,*,,**,,,,,,▓HH#,,*,,,,,,,,*,,
,≈≈,*******+***▓..#,,*+********,,
,,≈,*,,+≈⌠,,,≈,▓..#,,*,,,,,,,,,,,
,,≈≈+,,*≈≈,≈,≈,▓..+,,*,,,,,,,,,,,
≈≈≈,*,,*,≈,≈,≈,▓###**************
,,,,*,,*,,,≈,,,******************
***+*******+****,+,,,,*,,+,,,*,,,
,*,*,*,*,*,*,*,*,*,,,,*,**,,,*,,,


You could see 2 sphinxes and a guardian mummy.

Vanquished Creatures
  Sigmund (D)
  4 bone dragons (D)
  Gastronok (D)
  4 azure jellies (D)
  Maud (D)
  A greater naga (D)
  2 dire elephants (D)
  A fire dragon (D)
  A naga warrior (D)
  2 hydras (D)
  A yaktaur captain (D)
  Erica (D)
  4 anacondas (D)
  4 death yaks (D)
  4 dancing weapons (D)
  2 centaur warriors (D)
  4 skeletal warriors (D)
  A death drake (D)
  An unseen horror (D)
  A spriggan druid (D)
  A lindwurm (D)
  An orc sorcerer (D)
  An ugly thing (D)
  A guardian serpent (D)
  2 elephants (D)
  6 black mambas (D)
  Edmund (D)
  2 spiny frogs (D)
  A fire drake (D)
  A deep elf priest (D)
  A komodo dragon (D)
  3 wandering mushrooms (D)
  6 guardian mummies (D)
  4 spriggan defenders (D)
  8 blink frogs (D)
  2 slime creatures (D)
  A queen bee (D)
  An orc high priest (D)
  3 redbacks (D)
  2 spriggans (D)
  A shadow (D)
  2 nagas (D)
  A spatial vortex (D)
  A swamp drake (D)
  6 water moccasins (D)
  2 orc warriors (D)
  A necrophage (D)
  2 centaurs (D)
  An earth elemental (D)
  2 brain worms (D)
  A water elemental (D)
  32 killer bees (D)
  An electric eel (D)
  A jelly (D)
  Crazy Yiuf (D)
  5 orc priests (D)
  3 necromancers (D)
  Jessica (D)
  A wizard (D)
  2 orc wizards (D)
  3 humans (D)
  A kobold demonologist (D)
  5 adders (D)
  A swamp drake simulacrum (D)
  An ooze (D)
  11 orcs (D)
  A bat zombie (D)
  A jackal simulacrum (D)
  2 rats (D)
  2 plants (D)
184 creatures vanquished.

Vanquished Creatures (collateral kills)
  Rupert (D)
  2 vampire knights (D)
3 creatures vanquished.

Vanquished Creatures (others)
  2 draconian scorchers (D)
  Nessos (D)
  3 yaktaurs (D)
  A bush (D)
  6 plants (D)
13 creatures vanquished.

Grand Total: 200 creatures vanquished

Notes
Turn   | Place    | Note
--------------------------------------------------------------
     0 | D        | Kidiri the Spriggan Enchanter began the quest for the Orb.
     0 | D        | Reached XP level 1. HP: 9/9 MP: 5/5
     9 | D        | Reached skill level 5 in Stealth
    31 | D        | Noticed Jessica
    36 | D        | Killed Jessica
    36 | D        | Reached skill level 5 in Dodging
    36 | D        | Reached skill level 6 in Stealth
    36 | D        | Reached XP level 2. HP: 13/13 MP: 6/8
    36 | D        | Reached XP level 3. HP: 16/16 MP: 6/9
    71 | D        | Learned a level 2 spell: Ensorcelled Hibernation
    75 | D        | Learned a level 3 spell: Confuse
    79 | D        | Learned a level 3 spell: Tukima's Dance
    87 | D        | Noticed Crazy Yiuf
    90 | D        | Killed Crazy Yiuf
    90 | D        | Reached skill level 7 in Stealth
    90 | D        | Reached skill level 5 in Spellcasting
    90 | D        | Reached skill level 1 in Ice Magic
    93 | D        | Reached skill level 5 in Hexes
    93 | D        | Reached XP level 4. HP: 21/21 MP: 8/12
   142 | D        | Killed a yaktaur
   184 | D        | Gained mutation: Your body sometimes deteriorates upon taking damage. [potion of mutation]
   184 | D        | Gained mutation: You occasionally shout uncontrollably at your foes. [potion of mutation]
   185 | D        | Lost mutation: You occasionally shout uncontrollably at your foes. [potion of cure mutation]
   185 | D        | Lost mutation: Your body sometimes deteriorates upon taking damage. [potion of cure mutation]
   186 | D        | Gained mutation: Your system is resistant to poisons. [potion of mutation]
   186 | D        | Gained mutation: You are clumsy. (Dex -2) [potion of mutation]
   187 | D        | Lost mutation: Your system is resistant to poisons. [potion of cure mutation]
   187 | D        | Lost mutation: You are clumsy. (Dex -2) [potion of cure mutation]
   245 | D        | Killed a white draconian scorcher
   247 | D        | Killed a white draconian scorcher
   296 | D        | Noticed a water elemental
   298 | D        | Killed a water elemental
   298 | D        | Reached skill level 8 in Stealth
   298 | D        | Reached XP level 5. HP: 24/24 MP: 12/14
   303 | D        | Learned a level 3 spell: Dazzling Spray
   312 | D        | Noticed a jelly
   313 | D        | Noticed a shadow
   315 | D        | Killed a shadow
   315 | D        | Reached skill level 9 in Dodging
   315 | D        | Reached skill level 10 in Stealth
   315 | D        | Reached skill level 1 in Conjurations
   315 | D        | Reached XP level 6. HP: 28/28 MP: 13/17
   319 | D        | Killed a jelly
   324 | D        | Found a stormy altar of Qazlal.
   325 | D        | Found a sacrificial altar of Ru.
   325 | D        | Found a burning altar of Makhleb.
   325 | D        | Found a viscous altar of Jiyva.
   325 | D        | Found a shimmering altar of Xom.
   325 | D        | Found a shadowy altar of Dithmenos.
   325 | D        | Found a sparkling altar of Nemelex Xobeh.
   325 | D        | Found a corrupted altar of Lugonu.
   325 | D        | Found an opulent altar of Gozag.
   325 | D        | Noticed a spatial vortex
   328 | D        | Killed a spatial vortex
   328 | D        | Reached skill level 5 in Short Blades
   328 | D        | Reached skill level 10 in Dodging
   328 | D        | Reached skill level 11 in Stealth
   330 | D        | Became a worshipper of Dithmenos the Shadowed
   356 | D        | Found a radiant altar of Vehumet.
   357 | D        | Found a deep blue altar of Sif Muna.
   357 | D        | Found an ancient bone altar of Kikubaaqudgha.
   357 | D        | Noticed a wizard
   358 | D        | Killed a wizard
   374 | D        | Learned a level 1 spell: Shock
   377 | D        | Learned a level 2 spell: Repel Missiles
   380 | D        | Learned a level 2 spell: Swiftness
   384 | D        | Learned a level 3 spell: Static Discharge
   389 | D        | Found a glowing silver altar of Zin.
   390 | D        | Found a glowing golden altar of the Shining One.
   390 | D        | Found a white marble altar of Elyvilon.
   390 | D        | Noticed a deep elf priest
   392 | D        | Killed a deep elf priest
   392 | D        | Reached skill level 12 in Stealth
   392 | D        | Reached skill level 1 in Air Magic
   392 | D        | Reached skill level 1 in Invocations
   392 | D        | Reached XP level 7. HP: 32/32 MP: 18/20
   407 | D        | Found an iron altar of Okawaru.
   407 | D        | Found a bloodstained altar of Trog.
   407 | D        | Noticed a human
   408 | D        | Noticed a human
   419 | D        | Killed a human
   434 | D        | Killed a human
   542 | D        | Learned a level 5 spell: Lightning Bolt
   620 | D        | Found a snail-covered altar of Cheibriados.
   620 | D        | Noticed a necrophage
   621 | D        | Found a basalt altar of Yredelemnul.
   621 | D        | Found a blossoming altar of Fedhas.
   621 | D        | Noticed a necromancer
   622 | D        | Killed a necrophage
   622 | D        | Acquired Dithmenos's first power
   622 | D        | Reached XP level 8. HP: 36/36 MP: 22/22
   623 | D        | Killed a necromancer
   646 | D        | Noticed Erica
   649 | D        | Killed Erica
   649 | D        | Reached skill level 13 in Stealth
   649 | D        | Reached skill level 10 in Spellcasting
   649 | D        | Reached skill level 5 in Charms
   658 | D        | Noticed an earth elemental
   661 | D        | Killed an earth elemental
   668 | D        | Noticed a centaur
   668 | D        | Noticed a centaur warrior
   668 | D        | Noticed a centaur
   670 | D        | Killed a centaur
   672 | D        | Killed a centaur warrior
   672 | D        | Acquired Dithmenos's second power
   672 | D        | Reached skill level 14 in Stealth
   672 | D        | Reached skill level 5 in Ice Magic
   672 | D        | Reached XP level 9. HP: 39/39 MP: 23/25
   673 | D        | Killed a centaur
   692 | D        | Noticed an unseen horror
   694 | D        | Killed an unseen horror
   704 | D        | Noticed a killer bee
   704 | D        | Noticed a killer bee
   704 | D        | Noticed a killer bee
   704 | D        | Noticed a killer bee
   704 | D        | Noticed a killer bee
   704 | D        | Noticed a killer bee
   704 | D        | Noticed a killer bee
   704 | D        | Noticed a killer bee
   704 | D        | Noticed a killer bee
   704 | D        | Noticed a killer bee
   704 | D        | Noticed a killer bee
   704 | D        | Noticed a killer bee
   704 | D        | Noticed a killer bee
   704 | D        | Noticed a killer bee
   704 | D        | Noticed a killer bee
   705 | D        | Noticed a killer bee
   705 | D        | Noticed a killer bee
   705 | D        | Noticed a killer bee
   705 | D        | Noticed a queen bee
   705 | D        | Noticed a killer bee
   705 | D        | Noticed a killer bee
   705 | D        | Noticed a killer bee
   705 | D        | Noticed a killer bee
   705 | D        | Noticed a killer bee
   705 | D        | Noticed a killer bee
   705 | D        | Noticed a killer bee
   705 | D        | Noticed a killer bee
   705 | D        | Noticed a killer bee
   705 | D        | Noticed a killer bee
   705 | D        | Noticed a killer bee
   705 | D        | Noticed a killer bee
   705 | D        | Noticed a killer bee
   705 | D        | Noticed a killer bee
   706 | D        | Killed a killer bee
   706 | D        | Reached skill level 15 in Stealth
   707 | D        | Killed a killer bee
   712 | D        | Killed a killer bee
   712 | D        | Acquired Dithmenos's third power
   714 | D        | Killed a killer bee
   716 | D        | Killed a killer bee
   718 | D        | Killed a killer bee
   720 | D        | Killed a killer bee
   724 | D        | Killed a killer bee
   727 | D        | Killed a killer bee
   727 | D        | Acquired Dithmenos's fourth power
   729 | D        | Killed a killer bee
   731 | D        | Killed a killer bee
   733 | D        | Killed a killer bee
   920 | D        | Learned a level 3 spell: Recall
   922 | D        | Killed a killer bee
   924 | D        | Killed a killer bee
   926 | D        | Killed a killer bee
   928 | D        | Killed a killer bee
   930 | D        | Killed a killer bee
   932 | D        | Killed a killer bee
   932 | D        | Reached XP level 10. HP: 44/44 MP: 16/26
   934 | D        | Killed a killer bee
   936 | D        | Killed a killer bee
   938 | D        | Killed a killer bee
   942 | D        | Killed a killer bee
   944 | D        | Killed a killer bee
   947 | D        | Killed a killer bee
  1085 | D        | Learned a level 5 spell: Summon Mana Viper
  1087 | D        | Killed a killer bee
  1090 | D        | Killed a queen bee
  1090 | D        | Reached skill level 1 in Translocations
  1093 | D        | Killed a killer bee
  1099 | D        | Killed a killer bee
  1101 | D        | Killed a killer bee
  1101 | D        | Reached skill level 5 in Conjurations
  1101 | D        | Reached skill level 1 in Summonings
  1103 | D        | Killed a killer bee
  1105 | D        | Killed a killer bee
  1107 | D        | Killed a killer bee
  1109 | D        | Killed a killer bee
  1262 | D        | Noticed a wandering mushroom
  1263 | D        | Noticed a wandering mushroom
  1263 | D        | Noticed a wandering mushroom
  1264 | D        | Killed a wandering mushroom
  1264 | D        | Reached skill level 16 in Stealth
  1264 | D        | Reached skill level 5 in Air Magic
  1266 | D        | Killed a wandering mushroom
  1267 | D        | Killed a wandering mushroom
  1305 | D        | Noticed a spiny frog
  1305 | D        | Noticed a komodo dragon
  1305 | D        | Noticed a spiny frog
  1307 | D        | Killed a spiny frog
  1313 | D        | Killed a komodo dragon
  1316 | D        | Killed a spiny frog
  1384 | D        | Noticed a redback
  1386 | D        | Killed a redback
  1386 | D        | Reached skill level 15 in Dodging
  1386 | D        | Reached skill level 10 in Hexes
  1387 | D        | Noticed a brain worm
  1390 | D        | Killed a brain worm
  1396 | D        | Noticed a brain worm
  1399 | D        | Killed a brain worm
  1402 | D        | Noticed a lindwurm
  1404 | D        | Noticed a redback
  1405 | D        | Killed a lindwurm
  1407 | D        | Killed a redback
  1412 | D        | Noticed a redback
  1413 | D        | Killed a redback
  1414 | D        | Noticed Maud
  1416 | D        | Killed Maud
  1416 | D        | Reached skill level 17 in Stealth
  1416 | D        | Reached skill level 5 in Translocations
  1416 | D        | Reached XP level 11. HP: 47/47 MP: 27/29
  1427 | D        | Noticed an electric eel
  1428 | D        | Noticed an eight-headed hydra
  1428 | D        | Noticed an eight-headed hydra
  1429 | D        | Killed an electric eel
  1431 | D        | Killed an eight-headed hydra
  1432 | D        | Killed an eight-headed hydra
  1471 | D        | Noticed a death drake
  1474 | D        | Killed a death drake
  1587 | D        | Found Ocwuyt's Antique Weapon Emporium.
  1589 | D        | Found Ifriskih's Jewellery Shop.
  1590 | D        | Found Nofuc's Food Shoppe.
  1614 | D        | Found a blossoming altar of Fedhas.
  1614 | D        | Noticed a spriggan
  1614 | D        | Noticed a spriggan druid
  1614 | D        | Noticed a spriggan
  1616 | D        | Killed a spriggan druid
  1622 | D        | Killed a spriggan
  1634 | D        | Killed a spriggan
  1727 | D        | Noticed a swamp drake
  1727 | D        | Noticed a fire drake
  1728 | D        | Killed a fire drake
  1728 | D        | Reached skill level 18 in Stealth
  1730 | D        | Killed a swamp drake
  1742 | D        | Noticed a blink frog
  1742 | D        | Noticed a blink frog
  1742 | D        | Noticed a blink frog
  1743 | D        | Noticed a blink frog
  1743 | D        | Noticed a blink frog
  1744 | D        | Killed a blink frog
  1746 | D        | Killed a blink frog
  1746 | D        | Reached skill level 10 in Charms
  1749 | D        | Killed a blink frog
  1753 | D        | Killed a blink frog
  1758 | D        | Killed a blink frog
  1797 | D        | Learned a level 5 spell: Summon Forest
  1798 | D        | Noticed Rupert
  1801 | D        | Paralysed by Rupert for 4 turns
  1926 | D        | Noticed a death yak
  1927 | D        | Noticed a death yak
  1927 | D        | Noticed a blink frog
  1928 | D        | Killed a death yak
  1929 | D        | Noticed an azure jelly
  1929 | D        | Noticed a death yak
  1929 | D        | Noticed an azure jelly
  1929 | D        | Noticed a blink frog
  1929 | D        | Noticed a death yak
  1930 | D        | Killed a blink frog
  1931 | D        | Killed a death yak
  1932 | D        | Noticed a blink frog
  1932 | D        | Noticed a black mamba
  1933 | D        | Killed a death yak
  1934 | D        | Noticed a black mamba
  1935 | D        | Killed a death yak
  1936 | D        | Killed a blink frog
  1936 | D        | Reached XP level 12. HP: 51/51 MP: 27/31
  1937 | D        | Killed a blink frog
  1941 | D        | Killed a black mamba
  1944 | D        | Killed a black mamba
  1978 | D        | Killed Rupert
  1978 | D        | Reached skill level 10 in Short Blades
  1978 | D        | Reached skill level 19 in Stealth
  2127 | D        | Noticed a water moccasin
  2127 | D        | Noticed a water moccasin
  2127 | D        | Noticed an anaconda
  2127 | D        | Noticed a black mamba
  2128 | D        | Killed a water moccasin
  2133 | D        | Killed a black mamba
  2134 | D        | Killed a water moccasin
  2137 | D        | Killed an anaconda
  2137 | D        | Reached skill level 15 in Spellcasting
  2178 | D        | Noticed a water moccasin
  2178 | D        | Noticed a black mamba
  2178 | D        | Noticed a black mamba
  2180 | D        | Killed a black mamba
  2183 | D        | Noticed a water moccasin
  2184 | D        | Killed a black mamba
  2185 | D        | Killed a water moccasin
  2193 | D        | Killed a water moccasin
  2220 | D        | Noticed a water moccasin
  2220 | D        | Noticed an anaconda
  2220 | D        | Noticed an anaconda
  2220 | D        | Noticed a water moccasin
  2220 | D        | Noticed an anaconda
  2220 | D        | Noticed a black mamba
  2221 | D        | Killed a water moccasin
  2223 | D        | Killed a water moccasin
  2223 | D        | Reached skill level 5 in Summonings
  2226 | D        | Killed an anaconda
  2227 | D        | Killed an anaconda
  2228 | D        | Killed a black mamba
  2232 | D        | Killed an anaconda
  2251 | D        | Noticed a naga
  2251 | D        | Noticed a naga
  2252 | D        | Noticed a naga warrior
  2252 | D        | Noticed a greater naga
  2252 | D        | Found Xujeczol's Antique Armour Boutique.
  2252 | D        | Found Tigiguer's Distillery.
  2252 | D        | Found Ysaibb's Gadget Shop.
  2253 | D        | Killed a naga
  2254 | D        | Killed a naga
  2256 | D        | Killed a naga warrior
  2256 | D        | Reached skill level 20 in Stealth
  2257 | D        | Killed a greater naga
  2270 | D        | Noticed a guardian serpent
  2272 | D        | Killed a guardian serpent
  2274 | D        | Got a serpentine rune of Zot
  2371 | D        | Noticed an azure jelly
  2371 | D        | Noticed an azure jelly
  2372 | D        | Noticed an elephant
  2372 | D        | Noticed an elephant
  2372 | D        | Noticed a dire elephant
  2372 | D        | Noticed a dire elephant
  2372 | D        | Noticed Gastronok
  2374 | D        | Killed Gastronok
  2375 | D        | Killed a dire elephant
  2375 | D        | Reached skill level 10 in Translocations
  2375 | D        | Reached XP level 13. HP: 55/55 MP: 32/34
  2377 | D        | Killed a dire elephant
  2385 | D        | Killed an elephant
  2389 | D        | Killed an elephant
  2497 | D        | Learned a level 5 spell: Aura of Abjuration
  2497 | D        | Found Yjuxel's General Store.
  2498 | D        | Noticed an orc sorcerer
  2498 | D        | Noticed an orc warrior
  2498 | D        | Noticed an orc priest
  2498 | D        | Noticed an orc wizard
  2498 | D        | Noticed an orc priest
  2498 | D        | Noticed an orc warrior
  2498 | D        | Noticed an orc wizard
  2501 | D        | Killed an orc wizard
  2502 | D        | Killed an orc warrior
  2503 | D        | Killed an orc priest
  2506 | D        | Killed an orc wizard
  2507 | D        | Killed an orc sorcerer
  2515 | D        | Killed an orc priest
  2517 | D        | Killed an orc warrior
  2607 | D        | Bought the cursed +1 robe of Rublityrch {Int+7 Stlth+} for 299 gold pieces
  2607 | D        | Bought a scroll of identify for 22 gold pieces
  2607 | D        | Bought a potion of curing for 33 gold pieces
  2699 | D        | Killed a yaktaur
  2759 | D        | Bought a potion of agility for 48 gold pieces
  2759 | D        | Bought a potion of curing for 36 gold pieces
  2759 | D        | Bought a potion of curing for 36 gold pieces
  2759 | D        | Bought a potion of might for 48 gold pieces
  2759 | D        | Bought a potion of mutation for 30 gold pieces
  2759 | D        | Gained mutation: Your muscles are strong. (Str +2) [potion of mutation]
  2759 | D        | Gained mutation: Your spells are a little easier to cast, but a little less powerful. [potion of mutation]
  2759 | D        | Gained mutation: You evolve. [potion of mutation]
  2785 | D        | Killed a yaktaur
  2843 | D        | Killed an azure jelly
  2845 | D        | Killed an azure jelly
  2845 | D        | Reached skill level 21 in Stealth
  2849 | D        | Killed an azure jelly
  2891 | D        | Killed an azure jelly
  3087 | D        | Noticed Sigmund
  3087 | D        | Noticed Edmund
  3089 | D        | Killed Sigmund
  3090 | D        | Killed Edmund
  3115 | D        | Noticed an orc priest
  3115 | D        | Noticed an orc priest
  3116 | D        | Noticed an orc priest
  3116 | D        | Noticed an orc high priest
  3117 | D        | Killed an orc priest
  3118 | D        | Killed an orc priest
  3120 | D        | Killed an orc priest
  3121 | D        | Killed an orc high priest
  3273 | D        | Noticed a spriggan defender
  3274 | D        | Noticed a spriggan defender
  3274 | D        | Noticed a spriggan defender
  3274 | D        | Noticed a spriggan defender
  3275 | D        | Killed a spriggan defender
  3276 | D        | Killed a spriggan defender
  3278 | D        | Killed a spriggan defender
  3279 | D        | Killed a spriggan defender
  3437 | D        | Noticed a slime creature
  3445 | D        | Killed a slime creature
  3447 | D        | Noticed a centaur warrior
  3447 | D        | Noticed a slime creature
  3449 | D        | Killed a slime creature
  3452 | D        | Killed a centaur warrior
  3463 | D        | Noticed a fire dragon
  3466 | D        | Killed a fire dragon
  3466 | D        | Reached skill level 22 in Stealth
  3492 | D        | Noticed a halberd of venom
  3492 | D        | Noticed a glaive of protection
  3493 | D        | Noticed a halberd of protection
  3494 | D        | Noticed a flail of crushing
  3495 | D        | Killed a halberd of protection
  3497 | D        | Killed a flail of crushing
  4057 | D        | Killed a halberd of venom
  4061 | D        | Killed a glaive of protection
  4070 | D        | Got a transparent short sword
  4072 | D        | Identified the +8 short sword "Worm's Wrath" {antimagic, Dex+6} (You found it in the Dungeon)
  4092 | D        | Noticed a cyan ugly thing
  4093 | D        | Noticed a yaktaur captain
  4094 | D        | Killed a cyan ugly thing
  4102 | D        | Paralysed by something for 5 turns
  4144 | D        | Killed a yaktaur captain
  4304 | D        | Noticed Chuck
  4328 | D        | Noticed a skeletal warrior
  4330 | D        | Killed a skeletal warrior
  4337 | D        | Noticed a bone dragon
  4339 | D        | Killed a bone dragon
  4339 | D        | Reached XP level 14. HP: 22/59 MP: 12/36
  4428 | D        | Gained mutation: Your flesh is heat resistant. [evolution]
  4538 | D        | Learned a level 5 spell: Shadow Creatures
  4543 | D        | Noticed a vampire knight
  4546 | D        | Killed Nessos
  4547 | D        | Paralysed by a vampire knight for 6 turns
  4554 | D        | Killed a vampire knight
  4791 | D        | Noticed a skeletal warrior
  4793 | D        | Killed a skeletal warrior
  4799 | D        | Noticed a guardian mummy
  4801 | D        | Killed a guardian mummy
  4809 | D        | Noticed a guardian mummy
  4811 | D        | Killed a guardian mummy
  4818 | D        | Noticed a necromancer
  4820 | D        | Killed a necromancer
  4827 | D        | Noticed a bone dragon
  4829 | D        | Killed a bone dragon
  4845 | D        | Noticed a necromancer
  4847 | D        | Killed a necromancer
  4847 | D        | Reached skill level 23 in Stealth
  4853 | D        | Noticed a vampire knight
  4860 | D        | Killed a vampire knight
  4860 | D        | Reached skill level 10 in Air Magic
  4923 | D        | Noticed a guardian mummy
  4925 | D        | Killed a guardian mummy
  4936 | D        | Noticed a bone dragon
  4939 | D        | Killed a bone dragon
  4939 | D        | Reached skill level 10 in Ice Magic
  4943 | D        | Noticed a bone dragon
  4945 | D        | Killed a bone dragon
  4953 | D        | Noticed a skeletal warrior
  4955 | D        | Killed a skeletal warrior
  4959 | D        | Noticed a skeletal warrior
  4961 | D        | Killed a skeletal warrior
  5019 | D        | Noticed a guardian mummy
  5019 | D        | Noticed a guardian mummy
  5019 | D        | Noticed a guardian mummy
  5019 | D        | Noticed a guardian mummy
  5020 | D        | Noticed a sphinx
  5020 | D        | Noticed a sphinx
  5022 | D        | Killed a guardian mummy
  5022 | D        | Reached skill level 15 in Charms
  5024 | D        | Killed a guardian mummy
  5025 | D        | Killed a guardian mummy
  5033 | D        | HP: 2/59 [sphinx (20)]
  5034 | D        | Slain by a guardian mummy

Vault maps used:
D:        dungeon_sprint_mu

Action                   |  1- 3 |  4- 6 |  7- 9 | 10-12 | 13-15 || total
-------------------------+-------+-------+-------+-------+-------++-------
Melee: Dagger            |     6 |     7 |    44 |   103 |   254 ||   414
       Short sword       |       |       |       |       |    35 ||    35
 Cast: Ensorcelled Hiber |     1 |       |    21 |    26 |     8 ||    56
       Dazzling Spray    |       |       |     5 |     6 |    32 ||    43
       Summon Mana Viper |       |       |       |     9 |     2 ||    11
       Tukima's Dance    |       |       |       |     4 |     2 ||     6
       Static Discharge  |       |       |       |       |     7 ||     7
       Confuse           |       |       |       |       |     4 ||     4
Invok: Shadow Step       |       |       |       |    16 |     8 ||    24
  Use: Scroll            |       |     6 |       |       |     1 ||     7
       Potion            |       |     5 |       |     1 |     5 ||    11
 Stab: Sleeping          |     6 |     7 |    26 |    74 |    40 ||   153
       Invisible         |       |       |     1 |     3 |       ||     4
       Distracted        |       |       |       |     1 |     2 ||     3
       Confused          |       |       |       |       |     1 ||     1
  Eat: Bread ration      |       |       |       |     1 |       ||     1
